 Dungeon Crawl Stone Soup version 0.18-a0-912-g81d1dc4 (webtiles) character file.

739 st0uf the Conjurer (level 7, -6/53 HPs)
             Began as a White Draconian Conjurer on Dec 26, 2015.
             Was a Believer of Dithmenos.
             Mangled by Anouleth's ghost (11 damage)
             ... on level 5 of the Dungeon.
             The game lasted 00:36:40 (5585 turns).

st0uf the Conjurer (White Draconian Conjurer)       Turns: 5585, Time: 00:36:41

Health: -6/53      AC:  8    Str: 12    XL:     7   Next: 46%
Magic:  9/13       EV:  9    Int: 16    God:    Dithmenos [**....]
Gold:   244        SH:  0    Dex: 14    Spells: 3 memorised, 10 levels left

rFire  . . .     SeeInvis .     (no weapon)
rCold  + . .     Gourm    .     (armour unavailable)
rNeg   . . .     Faith    .     (no shield)
rPois  .         Spirit   .     c - +0 hat
rElec  .         Dismiss  .     o - +0 cloak
rCorr  .         Reflect  .     x - +0 pair of gloves
SustAt .         Harm     .     (no boots)
MR     .....                    s - amulet of rage (curse)
Stlth  +.........               (no ring)
                                d - +3 ring of dexterity

@: liquid flames, short of breath, glowing, not resistant to hostile
enchantments, very unstealthy
A: breathe frost, unfitting armour, cold resistance 1, cold-blooded, AC +6
a: Breathe Frost, Shadow Step, Renounce Religion, Evoke Berserk Rage


You were on level 5 of the Dungeon.
You worshipped Dithmenos.
Dithmenos was pleased with you.
You were not hungry.

You visited 1 branch of the dungeon, and saw 5 of its levels.

You collected 244 gold pieces.

Inventory:

Armour
 c - a +0 hat (worn)
 o - a +0 cloak (worn)
 x - a +0 pair of gloves (worn)
Jewellery
 d - a +3 ring of dexterity (left hand)
 g - an uncursed ring of positive energy
 j - an uncursed ring of flight
 s - a cursed amulet of rage (around neck)
Scrolls
 e - 3 scrolls of identify
 i - 5 scrolls of remove curse
 k - a scroll of random uselessness
 n - 2 scrolls of teleportation {unknown}
 p - a scroll of immolation {unknown}
 u - 2 scrolls of recharging {unknown}
Potions
 f - a potion of heal wounds {unknown}
 h - 2 potions of brilliance {unknown}
 l - a potion of lignification {unknown}
 m - 5 potions of curing
 q - a potion of agility {unknown}
 r - 2 potions of might {unknown}
 v - 2 potions of invisibility {unknown}
 w - 2 potions of haste {unknown}
 z - a potion of ambrosia {unknown}
Books
 a - a book of Conjurations

   Spells                             Type                      Level
   a - Magic Dart                     Conjuration                  1
   b - Searing Ray                    Conjuration                  2
   c - Dazzling Spray                 Conjuration/Hexes            3
   d - Fulminant Prism                Conjuration/Hexes            4
   e - Iskenderun's Mystic Blast      Conjuration                  4
   f - Iskenderun's Battlesphere      Conjuration/Charms           5
 y - a book of Party Tricks

   Spells                             Type                      Level
   a - Summon Butterflies             Summoning                    1
   b - Apportation                    Translocation                1
   c - Tukima's Dance                 Hexes                        3
   d - Alistair's Intoxication        Transmutation/Poison         4
   e - Invisibility                   Hexes                        6
Comestibles
 b - 4 bread rations
 t - a meat ration
 A - 5 chunks of flesh


   Skills:
 + Level 1.6 Fighting
 + Level 4.2 Dodging
 + Level 2.6 Stealth
 + Level 4.0 Spellcasting
 + Level 6.5 Conjurations


You had 10 spell levels left.
You knew the following spells:

 Your Spells              Type           Power        Failure   Level  Hunger
a - Magic Dart            Conj           ###.         1%          1    None
b - Searing Ray           Conj           ###...       1%          2    ##.....
c - Summon Butterflies    Summ           #.......     17%         1    None


Dungeon Overview and Level Annotations

Branches:
Dungeon (5/15)
 Temple: D:4-7

Altars:
Ashenzari
Cheibriados
Dithmenos
Fedhas
Nemelex Xobeh
Sif Muna
Xom
The Shining One

Annotations:
D:5 Anouleth's ghost, novice OgFE


Innate Abilities, Weirdness & Mutations

You can breathe waves of freezing cold.
You can buffet flying creatures when you breathe cold.
Your icy white scales are hard (AC +6).
Your body does not fit into most forms of armour.
Your flesh is cold resistant.
You are cold-blooded and may be slowed by cold attacks.


Message History

Press: ? - help, Shift-Dir - straight line, f/p - Anouleth's ghost
Aim: Anouleth's ghost, wielding a vorpal weapon (lightly damaged, umbra)
The searing ray hits Anouleth's ghost.
Anouleth's ghost is lightly damaged.
Anouleth's ghost casts a spell at you. The flame tongue hits you!
The searing ray hits Anouleth's ghost.
Anouleth's ghost is lightly damaged.
Anouleth's ghost gestures at you while chanting.
The flame tongue hits you!
The searing ray hits Anouleth's ghost.
Anouleth's ghost is moderately damaged.
Anouleth's ghost sprays you with burning goo.
The sticky flame hits you!
You are covered in liquid flames!
* * * LOW HITPOINT WARNING * * *
You are covered in liquid flames!
* * * LOW HITPOINT WARNING * * *
Anouleth's ghost hits you!
You die...

## ...###
......#
#....W#####...
#..@.....#
##....##...
##...# ....#
.#### #. .. #.


You could see Anouleth's ghost.

Vanquished Creatures
  An ogre (D:4)
  A scorpion (D:4)
  A hound (D:4)
  2 orc priests (D:3)
  Ijyb (D:2)
  Terence (D:2)
  4 orc wizards
  5 worker ants
  6 gnolls
  6 adders
  An ooze (D:4)
  An adder skeleton (D:4)
  3 worms
  4 giant geckos
  16 orcs
  2 ball pythons (D:3)
  10 bats
  3 giant cockroaches
  11 hobgoblins
  2 quokkas
  A ball python skeleton (D:4)
  6 giant newts
  13 goblins
  A jackal skeleton (D:4)
  9 kobolds
  7 rats
118 creatures vanquished.

Notes
Turn   | Place    | Note
--------------------------------------------------------------
     0 | D:1      | st0uf the Draconian Conjurer began the quest for the Orb.
     0 | D:1      | Reached XP level 1. HP: 14/14 MP: 3/3
   328 | D:1      | Reached XP level 2. HP: 20/20 MP: 1/5
  1369 | D:2      | Noticed Ijyb
  1390 | D:2      | Killed Ijyb
  1390 | D:2      | Reached skill level 5 in Conjurations
  1390 | D:2      | Reached XP level 3. HP: 23/27 MP: 0/6
  1555 | D:2      | Noticed Terence
  1572 | D:1      | Learned a level 2 spell: Searing Ray
  1667 | D:2      | Found a shimmering altar of Xom.
  1668 | D:2      | Found a shimmering altar of Xom.
  1669 | D:2      | Found a shimmering altar of Xom.
  1692 | D:2      | Reached XP level 4. HP: 34/34 MP: 5/7
  2110 | D:2      | Killed Terence
  2131 | D:2      | Found a faded altar to an unknown god.
  2142 | D:2      | Became a worshipper of Dithmenos the Shadowed
  2142 | D:2      | Reached * piety under Dithmenos
  2169 | D:2      | Found a snail-covered altar of Cheibriados.
  2183 | D:2      | Found a deep blue altar of Sif Muna.
  2186 | D:2      | Found a sparkling altar of Nemelex Xobeh.
  2353 | D:2      | Reached skill level 1 in Fighting
  2799 | D:3      | Reached XP level 5. HP: 40/40 MP: 4/8
  3558 | D:3      | Reached XP level 6. HP: 47/47 MP: 4/10
  4392 | D:4      | Reached skill level 6 in Conjurations
  4452 | D:4      | Found a blossoming altar of Fedhas.
  4622 | D:3      | Reached ** piety under Dithmenos
  4850 | D:4      | Found a shattered altar of Ashenzari.
  4860 | D:4      | Your scales start taking on an icy white colour.
  4860 | D:4      | Gained mutation: Your flesh is cold resistant. [White Draconian growth]
  4860 | D:4      | Reached XP level 7. HP: 49/52 MP: 3/12
  5412 | D:4      | Learned a level 1 spell: Summon Butterflies
  5558 | D:4      | Found a glowing golden altar of the Shining One.
  5580 | D:5      | Entered Level 5 of the Dungeon
  5580 | D:5      | Noticed Anouleth's ghost (novice OgFE)
  5585 | D:5      | Mangled by Anouleth's ghost

Vault maps used:
D:1:      minmay_arrival_open_corners, roderic_lattice_a
D:2:      minmay_overflow_temple_star_quad, ecumenical_altar_1, xom_redecorated,
          uniq_iyjb, uniq_terence
D:4:      lemuel_coloured_pillars_altar, tso_oasis_becter, first_bread,
          ashenzari_altar_1
D:5:      kennysheep_generic_room_3, uniq_blork_the_orc, uniq_menkaure,
          uniq_grinder

Action                   |  1- 3 |  4- 6 |  7- 9 || total
-------------------------+-------+-------+-------++-------
Melee: Unarmed           |    23 |   112 |     8 ||   143
 Cast: Magic Dart        |    65 |    91 |    16 ||   172
       Searing Ray       |     1 |    26 |    13 ||    40
 Abil: Breathe Frost     |       |       |     2 ||     2
  Use: Scroll            |     4 |     2 |       ||     6
  Eat: Chunk             |     3 |    12 |     3 ||    18
